Map: Lerilak Crest

Players

GsiBerger - Winner!

  • Race: Zerg Zerg
  • League: Gold

capac

  • Race: Terran Terran
  • League: Gold

VOD

Have the link to the VOD?

Description

Time

  • Played on: March 6, 2016, 3:02 p.m.
  • Length: 9:27
Show
View Real Time Build Order
Export as new Build Order

GsiBerger Zerg - Winner!

Build Orders: Hatch First 

Get SALT Encoding   

  12  0:01  Drone  
  13  0:13  Overlord  
  13  0:17  Drone  
  14  0:31  Drone x2  
  16  0:37  Drone  
  17  0:54  Hatchery  
  17  0:56  Drone  
  17  1:01  Drone  
  18  1:08  Drone  
  19  1:12  Extractor  
  18  1:20  Spawning Pool  
  18  1:24  Drone  
  18  1:29  Drone  
  19  1:39  Overlord  
  19  2:07  Queen  
  19  2:08  Queen  
  23  2:09  Zergling x6  
  23  2:13  Drone  
  27  2:17  Drone  
  28  2:23  Drone  
  29  2:31  Drone  
  30  2:38  Drone  
  31  2:47  Drone x2  
  31  2:48  Overlord  
  33  2:57  Drone  
  34  3:00  Drone  
  35  3:08  Drone  
  36  3:23  Drone  
  36  3:24  Drone x7  
  44  3:38  Lair, Roach Warren  
  43  3:41  Extractor  
  43  3:42  Hatchery  
  43  3:43  Extractor, Drone x3  
  43  4:00  Overlord  
  43  4:01  Overlord x2  
  42  4:12  Zergling x2  
  43  4:18  Queen  
  45  4:26  Roach  
  45  4:27  Roach x5  
  57  4:41  Evolution Chamber  
  57  4:42  Evolution Chamber  
  57  4:43  Overlord x2  
  55  4:47  Drone x2  
  57  4:59  Queen  
  59  5:01  Spore Crawler  
  59  5:03  Spore Crawler  
  59  5:04  Drone x8  
  65  5:13  Zerg Missile Weapons Level 1  
  65  5:14  Zerg Ground Armor Level 1  
  65  5:18  Drone  
  65  5:19  Drone x2  
  68  5:45  Glial Reconstitution  
  68  5:46  Overlord  
  68  5:47  Overlord x2  
  68  5:49  Drone x4  
  73  5:50  Drone x6  
  73  5:52  Extractor  
  73  5:53  Extractor  
  73  5:55  Extractor  
  75  6:18  Drone x3  
  78  6:19  Drone  
  78  6:21  Drone x3  
  78  6:22  Drone  
  78  6:23  Drone x2  
  85  6:26  Roach  
  85  6:27  Roach x5  
  85  6:28  Ravager x2  
  85  6:29  Ravager x4  
  103  6:39  Roach  
  105  6:40  Overlord, Roach x4  
  113  7:01  Roach x4  
  115  7:02  Overlord x3  
  115  7:06  Ravager  
  121  7:12  Overlord  
  121  7:13  Overlord x2  
  121  7:32  Roach  
  121  7:33  Roach x5  
  133  7:38  Drone x2  
  133  7:39  Drone  
  136  7:46  Hatchery  
  124  7:57  Roach x2  
  124  7:58  Roach x7  
  142  8:00  Ravager  
  142  8:01  Ravager x4  
  142  8:03  Roach  
  149  8:22  Infestation Pit  
  149  8:25  Spine Crawler  
  135  8:34  Roach  
  135  8:35  Roach x10  
  153  8:46  Roach  
  153  8:47  Roach x3  
  161  8:49  Overlord  
  161  8:50  Overlord x5  
  153  9:15  Drone x2  
Show
View Real Time Build Order
Export as new Build Order

capac Terran 

Build Orders: MMM Bio 

Get SALT Encoding   

  12  0:01  SCV  
  13  0:13  SCV  
  14  0:17  Supply Depot  
  14  0:25  SCV  
  15  0:39  SCV  
  15  0:41  Barracks  
  16  0:45  Refinery  
  16  0:52  SCV  
  17  1:04  SCV  
  18  1:16  SCV  
  19  1:28  SCV  
  20  1:34  Command Center  
  20  1:36  Barracks Reactor  
  20  1:41  SCV  
  21  1:48  Supply Depot  
  22  2:01  Orbital Command  
  21  2:13  Marine x2  
  23  2:18  Barracks  
  23  2:28  SCV  
  24  2:47  Marine x2  
  24  2:50  SCV  
  27  2:54  Factory  
  27  2:56  Engineering Bay  
  26  3:05  Marine x2  
  26  3:10  Barracks Tech Lab  
  27  3:15  SCV  
  27  3:17  Refinery  
  28  3:26  Orbital Command  
  28  3:28  Marine x2  
  28  3:31  Marine  
  31  3:35  Stimpack  
  31  3:40  Factory Tech Lab  
  31  3:54  SCV x2  
  33  4:01  Marine x2, Orbital Command  
  33  4:02  Marine  
  36  4:15  Siege Tank  
  39  4:21  Bunker, SCV  
  39  4:22  Starport  
  40  4:26  Marine x2  
  42  4:32  SCV  
  42  4:33  SCV  
  44  4:40  Marine  
  44  4:44  Marine  
  46  4:47  Terran Infantry Weapons Level 1  
  46  4:58  Supply Depot  
  46  5:09  Marine, Siege Tank, SCV x2  
  46  5:11  Barracks  
  46  5:12  Starport Reactor  
  52  5:17  Missile Turret  
  52  5:23  SCV x2  
  54  5:29  Supply Depot  
  54  5:30  Marine x2  
  54  5:31  Marine  
  54  5:35  SCV x2  
  59  5:41  Supply Depot  
  59  5:45  Siege Tank  
  62  5:51  Refinery, SCV x2  
  64  6:04  Supply Depot  
  64  6:05  Barracks Reactor, Medivac x2  
  64  6:10  SCV x2  
  70  6:18  Refinery, Marine x3  
  70  6:22  SCV x2  
  70  6:25  Siege Tank  
  78  6:35  Supply Depot  
  78  6:38  Armory  
  79  6:40  SCV x2  
  79  6:42  Supply Depot  
  79  6:44  Marine x2  
  79  6:45  Marine  
  83  6:53  Combat Shields  
  83  7:02  Marine x2  
  85  7:25  Medivac  
  85  7:26  Medivac  
  85  7:27  Command Center  
  89  7:30  Siege Tank  
  89  7:36  Engineering Bay, Marine x3  
  95  7:37  Marine x2  
  95  7:40  SCV  
  95  7:43  Barracks  
  71  7:59  Marine x4  
  71  8:00  Marine  
  76  8:09  SCV  
  76  8:11  Medivac x2  
  81  8:13  Supply Depot  
  81  8:17  Marine x4  
  81  8:18  SCV  
  86  8:21  SCV  
  87  8:28  Marine  
  80  8:35  Marine  
  71  8:45  Siege Tank  
  58  8:56  Marine x2  
  58  8:57  Marine x2  
  58  9:00  Marine  
Tags
 
Composition
MMM Bio
League
GoldGold
Matchup
TvZ
Add a new tag
Caveats
  • Supply blocks, unpowered buildings, or Contaminate may cause inaccurate times.
  • Supply counts are checked every 10 seconds.